 Dungeon Crawl Stone Soup version 0.27-a0-1200-g94dc6ad4cf (webtiles) character file.

Game seed: 7777336426628975235

3542 Morbidden the Shield-Bearer (level 9, -1/78 HPs)
             Began as a Minotaur Fighter on June 1, 2021.
             Was a Believer of Cheibriados.
             Splashed by an acid dragon's acid (16 damage)
             ... on level 8 of the Dungeon.
             The game lasted 00:09:39 (8004 turns).

Morbidden the Shield-Bearer (Minotaur Fighter)      Turns: 8004, Time: 00:09:40

Health: -1/78      AC: 13    Str: 27    XL:     9   Next: 82%
Magic:  11/11      EV:  8    Int: 14    God:    Cheibriados [**....]
Gold:   432        SH: 13    Dex: 16    Spells: 10/13 levels left

rFire    . . .     SeeInvis .   a - +0 long sword (spect)
rCold    . . .     Faith    .   c - +1 kite shield
rNeg     . . .     Spirit   .   t - +0 plate armour
rPois    .         Reflect  .   (helmet restricted)
rElec    .         Harm     .   (no cloak)
rCorr    .         Rampage  .   (no gloves)
Will     .....                  (no boots)
Stlth    ..........             (no amulet)
HPRegen  0.23/turn              (no ring)
MPRegen  0.12/turn              (no ring)

@: mighty, very slow
A: horns 2, retaliatory headbutt
a: Renounce Religion, Bend Time


You were on level 8 of the Dungeon.
You worshipped Cheibriados.
Cheibriados was pleased with you.
You visited 2 branches of the dungeon, and saw 9 of its levels.

You collected 432 gold pieces.

Inventory:

Hand Weapons
 a - a +0 spectral long sword (weapon)
 b - a +2 dagger of venom
Missiles
 j - a throwing net
 o - 24 poisoned darts (quivered)
Armour
 c - a +1 kite shield (worn)
 t - a +0 plate armour (worn)
Wands
 v - a wand of flame (19)
 w - a wand of polymorph (9)
Scrolls
 e - a scroll of teleportation
 i - 7 scrolls of identify
 m - a scroll of holy word
 n - a scroll of enchant armour
 p - a scroll of amnesia
 s - a scroll of immolation
Potions
 d - 3 potions of might
 h - a potion of attraction {unknown}
 k - 3 potions of cancellation
 q - a potion of brilliance {unknown}
 x - a potion of curing


   Skills:
 * Level 6.7 Fighting
 * Level 3.1(5.5) Short Blades
 * Level 7.7(8.1) Long Blades
 + Level 2.5 Throwing
 + Level 6.6 Armour
 * Level 4.3 Dodging
 + Level 0.2 Stealth
 * Level 7.8 Shields
 * Level 2.5 Spellcasting
 * Level 3.0 Necromancy
 * Level 3.2 Invocations


You had 10 spell levels left.
You knew the following spells:

 Your Spells              Type           Power      Damage    Failure   Level
a - Vampiric Draining     Necr           5%         2d6       99%         3

Your spell library contained the following spells:

 Spells                   Type           Power      Damage    Failure   Level
 Animate Skeleton         Necr           20%        N/A       87%         1
 Pain                     Necr           40%        1d6       87%         1
 Beastly Appendage        Tmut           2%         N/A       99%         1
 Corona                   Hex            1%         N/A       99%         1
 Foxfire                  Conj/Fire      4%         2x1d4     99%         1
 Magic Dart               Conj           4%         1d3       99%         1
 Blink                    Tloc           N/A        N/A       100%        2
 Call Imp                 Summ           1%         N/A       100%        2
 Searing Ray              Conj           2%         3d3       100%        2
 Slow                     Hex            1%         N/A       100%        2
 Wereblood                Tmut           1%         N/A       100%        2
 Conjure Flame            Conj/Fire      1%         6-21      100%        3
 Dazzling Flash           Conj/Hex       2%         N/A       100%        3
 Inner Flame              Hex/Fire       1%         N/A       100%        3
 Mephitic Cloud           Conj/Pois/Air  1%         N/A       100%        3
 Portal Projectile        Hex/Tloc       2%         N/A       100%        3
 Spider Form              Tmut/Pois      0%         N/A       100%        3
 Animate Dead             Necr           5%         N/A       100%        4
 Cause Fear               Hex            0%         N/A       100%        4
 Fulminant Prism          Conj/Hex       0%         3d6       100%        4
 Ice Form                 Ice/Tmut       1%         N/A       100%        4
 Iskenderun's Mystic Bla  Conj/Tloc      1%         2d3       100%        4
 Leda's Liquefaction      Hex/Erth       0%         N/A       100%        4
 Sticky Flame             Conj/Fire      1%         2d3       100%        4
 Agony                    Necr           10%        N/A       100%        5
 Bolt of Magma            Conj/Fire/Erth 0%         4d4       100%        5
 Fireball                 Conj/Fire      0%         3d3       100%        5
 Hydra Form               Tmut           0%         N/A       100%        5
 Iskenderun's Battlesphe  Conj           1%         2d6       100%        5
 Iron Shot                Conj/Erth      0%         9d1       100%        6
 Orb of Destruction       Conj           0%         N/A       100%        7
 Spellforged Servitor     Conj/Summ      0%         N/A       100%        7


Dungeon Overview and Level Annotations

Branches:
Dungeon (8/15)             Temple (1/1) D:4
   Lair: D:8-11

Altars:
Ashenzari
Cheibriados
Gozag
Kikubaaqudgha
Nemelex Xobeh
Qazlal
Ru
Sif Muna
Uskayaw
Vehumet
Wu Jian
Xom
Yredelemnul
The Shining One

Annotations:
D:4 1 runed translucent door, Crazy Yiuf
D:6 2 transporters, temitten's ghost, novice MiMo
D:7 Menkaure


Innate Abilities, Weirdness & Mutations

You have a pair of horns on your head.
You reflexively headbutt those who attack you in melee.


Message History

The poisoned dart hits the two-headed ogre.
The two-headed ogre is lightly wounded.
Throw: 25 darts (poison)
Press: ? - help, Q - select action, (/) - cycle Shift-Dir - straight line, f/p - two-headed ogre
Aim: a two-headed ogre, wielding two +0 giant clubs (lightly wounded, poisoned, 77% to hit)
You throw a poisoned dart.
The poisoned dart completely misses the two-headed ogre.
You slash the two-headed ogre!
The two-headed ogre is moderately wounded.
Your spectral weapon hits the two-headed ogre!
The two-headed ogre hits you with a +0 giant club!!
You block the two-headed ogre's attack.
Unknown command.
You hit the two-headed ogre. You headbutt the two-headed ogre.
The two-headed ogre is severely wounded.
Your spectral weapon hits the two-headed ogre.
The two-headed ogre hits you with a +0 giant club!
* * * LOW HITPOINT WARNING * * *
You block the two-headed ogre's attack.
Unknown command.
Unknown command.
You slice the two-headed ogre!!
You kill the two-headed ogre!
Cheibriados thoroughly appreciates the change of pace.
Cheibriados raises the support of your attributes as your movement slows.
Your base Short Blades skill increases to level 3!
Your Necromancy skill increases to level 3!
Your Invocations skill increases to level 3!
Unknown command.
You start resting.
You hear the faint creaking of a distant portcullis.
You start resting.
An acid dragon comes into view.
Unknown command.
The acid dragon roars!
The acid dragon spits acid at you. The splash of acid hits you.
* * * LOW HITPOINT WARNING * * *
You are splashed with acid!
You die...

*,,,,,,,,**,,,,,##.#......,,,,,,
*,,,,,,,,*,,,,,,,#........,,,,,,
*,,,,,,,,*,,,,,,,#.).(...(,,,,,,
***,,,,,,+,,,*,,,#...D....,,,,,,
**,,,,,****,,,,,,,#.......$,,,,,,
,+,,,,,+,**,,,,,,,#........,*,,,,
**,,,,,*,***,,,,,##........,*,,,,
*******,#.#######.........,*,,,,
*,#......@..........,*,,,,
*,#..............###**,,,,
*****,........#......#****,,,,
*,,,,,........#......#,,,,,,,,
****,,,,,........#......#,,,,,,,,
*,,,,,,,,........#......#,,,,,,,,
*,,,,,,,,........#......#,,,,,,,,
*,,,,,,,,........+......#,,,,,,,,
*,,,,,,,,,,,,,,,,*,,,,,,*,,,,,,,,


You could see an acid dragon (catching breath).

Vanquished Creatures
  A two-headed ogre (D:8)
  Pikel (D:7)
  Grinder (D:4)
  A wraith (D:6)
  Duvessa (D:6)
  A water moccasin (D:7)
  2 ice beasts (D:5)
  An orc warrior (D:7)
  4 black bears (D:5)
  An ogre (D:7)
  2 lemures (D:7)
  A kobold brigand (D:6)
  3 bullfrogs
  2 scorpions
  Dowan (D:6)
  A gnoll sergeant (D:6)
  2 wights (D:8)
  2 howler monkeys (D:4)
  A bullfrog zombie (D:3)
  A hound (D:4)
  A bullfrog skeleton (D:5)
  A centaur skeleton (D:6)
  Natasha (thrice) (D:3)
  4 orc wizards
  An iguana (D:5)
  7 adders
  7 gnolls
  An adder zombie (D:5)
  2 dart slugs
  14 orcs
  4 bats
  6 endoplasms
  5 giant cockroaches
  16 goblins
  10 hobgoblins
  7 jackals
  2 quokkas
  7 ball pythons
  3 frilled lizards
  11 kobolds
  5 rats
147 creatures vanquished.

Vanquished Creatures (others)
  A fungus (D:4)
1 creature vanquished.

Grand Total: 148 creatures vanquished

Notes
Turn   | Place    | Note
-------+----------+-------------------------------------------
     0 | D:1      | Morbidden the Minotaur Fighter began the quest for the Orb.
     0 | D:1      | Reached XP level 1. HP: 19/19 MP: 0/0
   173 | D:1      | Reached XP level 2. HP: 27/27 MP: 1/1
   962 | D:2      | Reached XP level 3. HP: 33/33 MP: 2/2
  1669 | D:3      | Noticed Natasha
  1678 | D:3      | Killed Natasha
  1679 | D:3      | Reached XP level 4. HP: 30/40 MP: 3/3
  1768 | D:3      | Reached skill level 1 in Dodging
  1776 | D:3      | Learned a level 3 spell: Vampiric Draining
  2211 | D:3      | Noticed Natasha
  2230 | D:3      | Killed Natasha
  2231 | D:3      | Reached XP level 5. HP: 37/47 MP: 3/5
  2610 | D:3      | Noticed Natasha
  2628 | D:3      | Killed Natasha
  3018 | D:4      | Reached skill level 5 in Long Blades
  3018 | D:4      | Reached skill level 1 in Spellcasting
  3018 | D:4      | Reached XP level 6. HP: 48/53 MP: 6/6
  3206 | D:4      | Found a runed translucent door.
  3206 | D:4      | Noticed Crazy Yiuf
  3256 | D:4      | Noticed Grinder
  3279 | D:4      | Killed Grinder
  3280 | D:4      | Reached skill level 1 in Throwing
  3280 | D:4      | Reached skill level 1 in Necromancy
  3280 | D:4      | Reached XP level 7. HP: 41/60 MP: 7/7
  3397 | D:4      | Found a staircase to the Ecumenical Temple.
  3411 | Temple   | Entered the Ecumenical Temple
  3465 | Temple   | Became a worshipper of Cheibriados the Contemplative
  3682 | D:4      | Reached skill level 5 in Armour
  4249 | D:5      | Entered Level 5 of the Dungeon
  4726 | D:5      | Reached * piety under Cheibriados
  4727 | D:5      | Reached skill level 5 in Fighting
  4899 | D:5      | Reached skill level 5 in Shields
  4899 | D:5      | Reached skill level 1 in Invocations
  5002 | D:5      | Reached XP level 8. HP: 53/68 MP: 9/9
  5130 | D:5      | Found a shimmering blue altar of Sif Muna.
  5577 | D:6      | Noticed Duvessa
  5633 | D:6      | Killed Duvessa
  5645 | D:6      | Noticed Dowan
  5814 | D:6      | Killed Dowan
  6499 | D:6      | Found a sacrificial altar of Ru.
  6722 | D:6      | Reached skill level 1 in Short Blades
  6863 | D:6      | Reached ** piety under Cheibriados
  7036 | D:6      | Reached XP level 9. HP: 75/75 MP: 11/11
  7178 | D:6      | Found a transporter.
  7180 | D:6      | Noticed temitten's ghost (novice MiMo)
  7183 | D:6      | Identified the +8 great mace of Disintegration {antimagic,
                  | rPois}
  7183 | D:6      | Identified the +4 dire flail of Goriw {vorpal, +Rage rC+}
  7183 | D:6      | Noticed a two-headed ogre
  7200 | D:6      | Found a transporter.
  7246 | D:7      | Noticed Pikel
  7264 | D:7      | Killed Pikel
  7546 | D:7      | Found a stormy altar of Qazlal.
  7927 | D:7      | Noticed Menkaure
  7962 | D:8      | Noticed a two-headed ogre
  7970 | D:8      | Killed a two-headed ogre
  8004 | D:8      | Splashed by an acid dragon's acid

Illustrated notes

Levels and vault maps discovered:
D:1:      amcnicky_arrival_abandoned_market, layout_loops_ring
D:2:      layout_basic
D:3:      layout_basic, serial_aquarium, aquarium_bridge_island_small
          [aquarium_subvault_small_open, aquarium_subvault_window,
          aquarium_subvault_bridge, aquarium_subvault_wall,
          aquarium_subvault_bridge], aquarium_bridge_straight
          [aquarium_subvault_bridge, aquarium_subvault_wall,
          aquarium_subvault_bridge, aquarium_subvault_window],
          aquarium_window_1, aquarium_window_fake, aquarium_view_2e,
          aquarium_balcony_3a, aquarium_pool_2, kennysheep_cross_bottleneck,
          uniq_natasha
D:4:      layout_loops_ring, minmay_temple_entry_statues_pillars,
          minmay_goblin_outpost, uniq_grinder, uniq_crazy_yiuf_cottage
D:5:      layout_basic, overflow_temple_1_default
D:6:      layout_loops_ring, hangedman_ru_absence, gammafunk_ghost_smash,
          uniq_duvessa
D:7:      statuecave_lemuel, layout_rooms, nicolae_overflow_crystal_walls,
          zin_treasury, fedhas_altar_2, kennysheep_generic_room_3, uniq_pikel,
          uniq_harold, uniq_menkaure
D:8:      layout_basic, elyvilon_altar_4, enter_bailey_5,
          kennysheep_flooded_box, minivault_25
Temple:   jpeg_temple_clearing

Skill      XL: |  1  2  3  4  5  6  7  8  9 |
---------------+----------------------------+-----
Fighting       | 4 5 6 |  6.7
Shields        | 4 5 6 7 |  7.8
Armour         | 4 5 6 |  6.6
Long Blades    | 3 4 5 6 7 |  7.7
Dodging        | 1 2 3 4 |  4.3
Spellcasting   | 1 2 |  2.5
Throwing       | 1 2 |  2.5
Necromancy     | 1 2 3 |  3.0
Invocations    | 1 2 3 |  3.2
Short Blades   | 1 3 |  3.1
Stealth        | |  0.2

Action                   |  1- 3 |  4- 6 |  7- 9 || total
-------------------------+-------+-------+-------++-------
Melee: Long sword        |    87 |   111 |   153 ||   351
       Headbutt          |    13 |    20 |    65 ||    98
       Dagger            |       |       |   139 ||   139
Throw: Dart              |       |    17 |    48 ||    65
Evoke: Wand              |       |       |     2 ||     2
  Use: Scroll            |       |     1 |    11 ||    12
       Potion            |       |     2 |     6 ||     8
Armor: Scale mail        |    13 |       |       ||    13
       Chain mail        |    31 |    54 |    65 ||   150
       Plate armour      |       |       |    94 ||    94
Dodge: Dodged            |    16 |    29 |    71 ||   116
Block: Kite shield       |    52 |    80 |   203 ||   335
       Rpst.: Long sword |     7 |     8 |    12 ||    27

Table legend: (Time is in decaauts)
 A = Elapsed time spent in this place.
 B = Non-inter-level travel time spent in this place.
 C = Inter-level travel time spent in this place.
 D = Time resting spent in this place.
 E = Time spent auto-exploring this place.
 F = Levels seen in this place.
 G = Mean time per level.
                   A        B        C        D        E       F      G
               +--------+--------+--------+--------+--------+-----+--------+
         Total |   9020 |   8610 |    410 |    809 |   6393 |   9 | 1002.2 |
       Dungeon |   8930 |   8520 |    410 |    809 |   6347 |   8 | 1116.2 |
        Temple |     89 |     89 |      0 |      0 |     46 |   1 |   89.0 |
               +--------+--------+--------+--------+--------+-----+--------+

Top non-repeatable levels by time:
     D:5: 2101 daAuts
     D:6: 1508 daAuts
     D:4: 1433 daAuts
     D:3: 1406 daAuts
     D:1: 879 daAuts
     D:7: 775 daAuts
     D:2: 751 daAuts
  Temple: 89 daAuts
     D:8: 75 daAuts
